 Dungeon Crawl Stone Soup version 0.26-a0-682-g294304f6e8 (webtiles) character file.

Game seed: 1828192228161691051

657482 Napalmbreeze the Slingshot (level 27, -1/209 HPs)
             Began as a Halfling Hunter on Oct 21, 2020.
             Was a High Priest of Okawaru.
             Slain by an Orb Guardian (13 damage)
             ... on level 5 of the Realm of Zot.
             The game lasted 04:19:54 (83858 turns).

Napalmbreeze the Slingshot (Halfling Hunter)       Turns: 83858, Time: 04:19:55

Health: -1/209     AC: 31    Str: 14 (16) XL:     27
Magic:  35/38      EV: 12    Int:  5 (7)  God:    Okawaru [*****.]
Gold:   7649       SH:  0    Dex: 23 (25) Spells: 26/26 levels left

rFire    + + .     SeeInvis +   U - +10 fustibalus of the Imperium {vorpal, Stlth+}
rCold    + + +     Faith    .   I - +5 kite shield {rF+}
rNeg     + + .     Spirit   .   N - +1 plate armour of Okawaru {rC+++ rCorr MP+9 Str+3}
rPois    .         Reflect  +   B - +1 helmet {SInv}
rElec    .         Harm     .   w - scarf {repulsion}
rCorr    +         Rampage  .   W - +2 pair of gloves {archery}
MR       +++..                  k - +0 pair of boots "Mujoaf" {rF+}
Stlth    +.........             y - amulet of reflection
HPRegen  0.44/turn              m - ring of positive energy
MPRegen  0.26/turn              E - ring of Attitude {rC+ rN+ MR+ Dex-3 Stlth+}

@: heroism, finesse, marked, held, repel missiles
A: small, dopey 1, mutation resistance 1, screaming 1
}: 4/15 runes: barnacled, silver, abyssal, gossamer
a: Heroism, Finesse, Renounce Religion


You were on level 5 of the Realm of Zot.
You worshipped Okawaru.
Okawaru was extremely pleased with you.
You visited 10 branches of the dungeon, and saw 50 of its levels.
You visited the Abyss 1 time.
You also visited: Ossuary.

You collected 8347 gold pieces.
You spent 698 gold pieces at shops.

Inventory:

Hand Weapons
 a - a +7 vorpal demon blade
 b - the +10 hunting sling "Lelonuf" {flame, rPois rC+ MR+ Str+3}
   (Okawaru gifted it to you on level 6 of the Lair of Beasts)

   It causes projectiles fired from it to burn those they strike, causing extra
   injury to most foes and up to half again as much damage against particularly
   susceptible opponents.
   It affects your strength (+3).
   It protects you from cold.
   It protects you from poison.
   It affects your resistance to hostile enchantments.
 S - a +5 eudemon blade of holy wrath
 U - the +10 fustibalus of the Imperium (weapon) {vorpal, Stlth+}
   (Okawaru gifted it to you on level 2 of the Vaults)

   Any stone fired from it inflicts extra damage.
   It makes you more stealthy.
Missiles
 d - 246 sling bullets (quivered)
 i - 656 stones
Armour
 k - the +0 pair of boots "Mujoaf" (worn) {rF+}
   (Okawaru gifted it to you on level 3 of the Elven Halls)

   It protects you from fire.
 w - a scarf of repulsion (worn)
 B - a +1 helmet of see invisible (worn)
 I - a +5 kite shield of fire resistance (worn)
 N - the +1 plate armour of Okawaru (worn) {rC+++ rCorr MP+9 Str+3}
   (Okawaru gifted it to you on level 5 of the Vaults)

   It affects your strength (+3).
   It renders you almost immune to cold.
   It affects your magic capacity (+9).
   It provides partial protection from all sources of acid and corrosion.
 W - a +2 pair of gloves of archery (worn)
Jewellery
 m - a ring of positive energy (left hand)
 x - a +4 ring of slaying
 y - an amulet of reflection (around neck)
 A - the ring "Mafuimn" {+Inv rF+ Str+2 Dex-4}
   (You found it on level 2 of the Depths)

   [ring of protection from fire]

   It affects your strength (+2).
   It affects your dexterity (-4).
   It protects you from fire.
   It lets you turn invisible.
 E - the ring of Attitude (right hand) {rC+ rN+ MR+ Dex-3 Stlth+}
   (You acquired it on level 5 of the Vaults)

   [ring of stealth]

   It affects your dexterity (-3).
   It protects you from cold.
   It protects you from negative energy.
   It affects your resistance to hostile enchantments.
   It makes you more stealthy.
 J - an uncursed ring of resist corrosion
 P - an uncursed ring of flight
Wands
 p - a wand of iceblast (28)
 u - a wand of disintegration (62)
 v - a wand of digging (22)
 G - a wand of polymorph (9)
 M - a wand of acid (19)
Scrolls
 e - 11 scrolls of fear
 f - 36 scrolls of remove curse
 g - 33 scrolls of teleportation
 l - 3 scrolls of holy word
 n - a scroll of enchant weapon
 o - 2 scrolls of summoning
 D - a scroll of silence
 F - 6 scrolls of fog
 H - 2 scrolls of magic mapping
 K - 4 scrolls of blinking
 V - a scroll of enchant armour
 Z - 16 scrolls of identify
Potions
 c - 10 potions of might
 h - 5 potions of cancellation
 j - 18 potions of curing
 q - 3 potions of invisibility
 r - 2 potions of stabbing
 s - 7 potions of flight
 t - 6 potions of magic
 z - 7 potions of brilliance
 L - 12 potions of haste
 O - a potion of resistance
 R - 8 potions of mutation
 T - 2 potions of heal wounds
 Y - 4 potions of berserk rage
Miscellaneous
 C - a condenser vane (2/2)
 Q - a box of beasts (3/3)


   Skills:
 + Level 22.7(27) Fighting
 - Level 15.7(20.7) Long Blades
 - Level 24.0(27) Slings
 - Level 20.0(25.0) Armour
 - Level 23.0(27) Dodging
 - Level 1.1(6.1) Stealth
 - Level 21.0(26.0) Shields
 - Level 8.0 Invocations
 - Level 14.1 Evocations


You had 26 spell levels left.
You didn't know any spells.
Your spell library contained the following spells:

 Spells                   Type           Power        Failure   Level
 Apportation              Tloc           #.....       99%         1
 Beastly Appendage        Tmut           #.....       99%         1
 Corona                   Hex            #......      99%         1
 Foxfire                  Conj/Fire      #...         99%         1
 Freeze                   Ice            #...         99%         1
 Magic Dart               Conj           #...         99%         1
 Shock                    Conj/Air       #...         99%         1
 Sting                    Tmut/Pois      #...         99%         1
 Summon Small Mammal      Summ           #...         99%         1
 Blink                    Tloc           N/A          100%        2
 Call Imp                 Summ           #.......     100%        2
 Corpse Rot               Necr/Air       N/A          100%        2
 Passwall                 Tmut/Erth      #.......     100%        2
 Poisonous Vapours        Pois/Air       #.....       100%        2
 Searing Ray              Conj           #.....       100%        2
 Slow                     Hex            #.......     100%        2
 Sublimation of Blood     Necr           #.........   100%        2
 Swiftness                Air            #.......     100%        2
 Wereblood                Tmut           #.......     100%        2
 Call Canine Familiar     Summ           #.......     100%        3
 Confusing Touch          Hex            #.......     100%        3
 Conjure Flame            Conj/Fire      #.......     100%        3
 Dazzling Flash           Conj/Hex       #.....       100%        3
 Gell's Gravitas          Tloc           #.........   100%        3
 Ignite Poison            Fire/Tmut/Pois #.......     100%        3
 Inner Flame              Hex/Fire       #.......     100%        3
 Lesser Beckoning         Tloc           #.........   100%        3
 Mephitic Cloud           Conj/Pois/Air  #.......     100%        3
 Ozocubu's Armour         Ice            #.......     100%        3
 Portal Projectile        Hex/Tloc       #.....       100%        3
 Spider Form              Tmut/Pois      #.........   100%        3
 Static Discharge         Conj/Air       #.......     100%        3
 Stone Arrow              Conj/Erth      #.....       100%        3
 Summon Guardian Golem    Hex/Summ       #.......     100%        3
 Tukima's Dance           Hex            #.......     100%        3
 Airstrike                Air            #.........   100%        4
 Cause Fear               Hex            #.........   100%        4
 Fulminant Prism          Conj/Hex       #.........   100%        4
 Ice Form                 Ice/Tmut       #.......     100%        4
 Iskenderun's Mystic Bla  Conj/Tloc      #.......     100%        4
 Leda's Liquefaction      Hex/Erth       #.........   100%        4
 Olgreb's Toxic Radiance  Pois           #.......     100%        4
 Passage of Golubria      Tloc           N/A          100%        4
 Petrify                  Tmut/Erth      #.......     100%        4
 Sticky Flame             Conj/Fire      #.......     100%        4
 Summon Ice Beast         Ice/Summ       #.......     100%        4
 Summon Lightning Spire   Summ/Air       #.......     100%        4
 Alistair's Intoxication  Tmut/Pois      #........    100%        5
 Blade Hands              Tmut           #.........   100%        5
 Bolt of Magma            Conj/Fire/Erth #.........   100%        5
 Fireball                 Conj/Fire      #.........   100%        5
 Irradiate                Conj/Tmut      #.........   100%        5
 Iskenderun's Battlesphe  Conj           #.......     100%        5
 Lee's Rapid Deconstruct  Erth           #.........   100%        5
 Lightning Bolt           Conj/Air       #.........   100%        5
 Metabolic Englaciation   Hex/Ice        #.........   100%        5
 Silence                  Hex/Air        #.........   100%        5
 Summon Demon             Summ           #.........   100%        5
 Summon Forest            Summ/Tloc      #.........   100%        5
 Yara's Violent Unravell  Hex/Tmut       #.........   100%        5
 Conjure Ball Lightning   Conj/Air       #.........   100%        6
 Dispersal                Tloc           #.........   100%        6
 Eringya's Noxious Bog    Tmut/Pois      #.........   100%        6
 Freezing Cloud           Conj/Ice/Air   #.........   100%        6
 Hydra Form               Tmut           #.........   100%        6
 Invisibility             Hex            #.......     100%        6
 Iron Shot                Conj/Erth      #.........   100%        6
 Shadow Creatures         Summ           N/A          100%        6
 Starburst                Conj/Fire      #.........   100%        6
 Statue Form              Tmut/Erth      #........    100%        6
 Dragon Form              Tmut           #.........   100%        7
 Orb of Destruction       Conj           #.........   100%        7
 Spellforged Servitor     Conj/Summ      #.........   100%        7
 Summon Hydra             Summ           #.........   100%        7
 Chain Lightning          Conj/Air       #.........   100%        8
 Discord                  Hex            #.........   100%        8
 Disjunction              Tloc           #.........   100%        8
 Ignition                 Fire           #.........   100%        8
 Lehudib's Crystal Spear  Conj/Erth      #.........   100%        8
 Absolute Zero            Ice            #.........   100%        9
 Dragon's Call            Summ           #.........   100%        9
 Fire Storm               Conj/Fire      #.........   100%        9
 Shatter                  Erth           #.........   100%        9
 Tornado                  Air            #.........   100%        9


Dungeon Overview and Level Annotations

Branches:
Dungeon (15/15)            Temple (1/1) D:4            Lair (6/6) D:11
 Shoals (4/4) Lair:4       Spider (4/4) Lair:2        Slime (0/5) Lair:6
    Orc (2/2) D:12            Elf (3/3) Orc:2        Vaults (5/5) D:13
  Crypt (0/3) Vaults:2     Depths (5/5) D:15            Zot (5/5) Depths:5
Ossuary (visited)

Altars:
Ashenzari
Cheibriados
Dithmenos
Elyvilon
Fedhas
Gozag
Hepliaklqana
Kikubaaqudgha
Nemelex Xobeh
Okawaru
Qazlal
Ru
Sif Muna
Trog
Uskayaw
Vehumet
Wu Jian
Xom
Yredelemnul
Zin
The Shining One
Beogh

Shops:
Orc:1 :   Orc:2 :?((   Elf:3 *   Shoals:3 }*   Vaults:1 [   Vaults:2 }
Vaults:3 :   Depths:1 (

Portals:
Hell: Depths:1 Depths:2 Depths:3 Depths:4 Depths:5
Abyss: Depths:1 Depths:4
Pandemonium: Depths:3
Ziggurat: Depths:4

Annotations:
D:4 2 transporters, Roikka's ghost, amateur OgAM
D:14 3 runed translucent doors, Zeblukk's ghost, journeyman TeAE
Depths:1 3 runed translucent doors
Depths:3 1 runed translucent door


Innate Abilities, Weirdness & Mutations

You are small and have problems with some larger weapons.
You are somewhat resistant to further mutation.
You are dopey. (Int -2)
You occasionally shout uncontrollably at your foes.


Message History

The Orb Guardian hits you but does no damage.
An Orb Guardian comes into view.
The Orb Guardian hits you.
Unknown command.
Unknown command.
Unknown command.
You feel better. The Orb Guardian hits you!!
* * * LOW HITPOINT WARNING * * *
An Orb Guardian comes into view.
The Orb Guardian misses you. The Orb Guardian hits you!!
* * * LOW HITPOINT WARNING * * *
The orb of fire glows red.
The bolt of fire hits you!! You resist.
* * * LOW HITPOINT WARNING * * *
You feel much better.
An Orb Guardian comes into view.
The Orb Guardian hits you!!
* * * LOW HITPOINT WARNING * * *
The Killer Klown blinks!
The Orb Guardian hits you!
You die...

##.####.......## #..#
##......##.
#)####..........
#..##........###
#............##
##.............#
#..........#...#
################▓
##@*§...........##
*#*XX(.....^......##
*#.dX.X((...........#
#...p.qX.....^.......
#...p......(.........
#......dX............
#.........X......^...
#........X...........
#.....^..............


You could see 2 orbs of fire, 2 Killer Klowns, a purple draconian monk, a purple
draconian, a red draconian and 8 Orb Guardians.

Vanquished Creatures
  5 orbs of fire
  Mennas (Vaults:5)
  3 ancient liches
  Mara (Vaults:2)
  Sojobo (Vaults:2)
  3 Killer Klowns (Zot:5)
  Xtahua (Depths:3)
  11 golden dragons
  A profane servitor (Abyss:3)
  Nikola (Shoals:3)
  A bone dragon (Depths:5)
  2 electric golems
  6 liches
  12 tentacled monstrosities
  8 titans
  8 quicksilver dragons
  12 Orb Guardians (Zot:5)
  A deep elf blademaster (Elf:3)
  7 tentacled starspawn
  3 sphinxes
  Frances (D:13)
  2 deep elf master archers (Elf:3)
  A kraken (Shoals:2)
  A shadow dragon (shapeshifter) (Depths:4)
  6 death cobs
  13 tengu reavers
  Donald (Spider:4)
  Gastronok (Lair:1)
  Kirke (D:15)
  8 shadow dragons
  An azure jelly (shapeshifter) (Depths:4)
  Ilsuiw (Shoals:3)
  15 storm dragons
  4 draconian monks
  4 fire giants
  A daeva (Abyss:3)
  4 draconian knights
  A balrug (Depths:1)
  12 frost giants
  An emperor scorpion (shapeshifter) (Depths:4)
  Louise (Spider:4)
  7 ghost moths
  3 draconian annihilators
  21 vault wardens
  2 draconian scorchers
  12 deep elf sorcerers
  4 orc warlords
  5 emperor scorpions
  2 draconian shifters
  A cacodemon (Abyss:3)
  14 ironheart preservers
  7 deep elf elementalists
  3 spriggan defenders (Depths:3)
  3 draconian stormcallers
  An ophan (Abyss:1)
  22 stone giants
  5 war gargoyles
  A stone giant (shapeshifter) (Elf:3)
  24 very ugly things
  A vampire knight (Depths:2)
  4 entropy weavers
  4 deep elf demonologists
  12 green draconians
  A lorocyproca (Abyss:2)
  8 deep elf annihilators
  7 black draconians
  7 white draconians
  2 dire elephants (shapeshifter) (Depths:4)
  2 dire elephants
  10 purple draconians
  8 red draconians
  6 yellow draconians
  An eidolon (Abyss:3)
  6 spark wasps
  8 ettins
  5 deep elf death magi
  Snorg (D:12)
  3 merfolk javelineers (Shoals:4)
  8 deep elf high priests
  16 crystal guardians
  9 merfolk impalers
  9 fire dragons
  17 yaktaur captains
  4 great orbs of eyes
  A great orb of eyes (shapeshifter) (Vaults:5)
  6 rakshasas
  27 vault guards
  4 spriggan air magi
  9 boulder beetles
  10 hydras
  3 catoblepae (shapeshifter)
  A catoblepas (Lair:3)
  2 merfolk avatars (Shoals:4)
  5 ice dragons
  2 shambling mangroves (Abyss:4)
  An anaconda (shapeshifter) (Depths:4)
  Erolcha (Orc:2)
  10 ogre magi
  An alligator snapping turtle (Shoals:4)
  12 centaur warriors
  A death knight (Vaults:4)
  A satyr (Shoals:4)
  36 two-headed ogres
  3 merfolk aquamancers (Shoals:4)
  6 death yaks
  A queen ant (Spider:3)
  9 deep troll shamans
  40 dancing weapons
  An alligator (shapeshifter) (Depths:4)
  A queen ant (shapeshifter) (Depths:4)
  4 thrashing horrors
  5 deep troll earth magi
  4 tengu warriors
  4 orc high priests
  15 small abominations
  2 spriggans (Depths:5)
  2 vampire magi
  Urug (D:11)
  8 spriggan berserkers
  A hell knight (Depths:5)
  A storm dragon zombie (Vaults:5)
  Sonja (Lair:3)
  2 sun demons (Depths:1)
  17 large abominations
  2 spatial maelstroms (Abyss:3)
  4 wretched stars
  5 iron trolls
  A fire crab (Lair:6)
  22 deep elf knights
  6 skeletal warriors (Vaults:2)
  A sixfirhy (Abyss:3)
  6 sea snakes
  A storm dragon skeleton (Vaults:4)
  6 unseen horrors
  2 shadow demons
  10 glowing orange brains
  2 flayed ghosts
  A wizard (Vaults:1)
  21 deep trolls
  4 phantasmal warriors
  17 starcursed masses
  17 deep elf archers
  A lindwurm (Lair:5)
  4 obsidian statues (Depths:4)
  24 orc knights
  18 harpies
  3 necromancers
  60 deep elf magi
  4 ironbrand convokers
  6 cyclopes
  14 orb spiders
  27 wolf spiders
  A faun (shapeshifter) (Depths:4)
  7 mana vipers (Depths:3)
  An orb spider (shapeshifter) (Vaults:4)
  2 stone giant zombies
  14 orc sorcerers
  23 fauns
  7 worldbinders
  21 manticores
  A manticore (shapeshifter) (Vaults:5)
  A shining eye (shapeshifter) (Vaults:5)
  A stone giant skeleton (Vaults:2)
  A salamander (D:15)
  45 ugly things
  An iron dragon skeleton (Abyss:2)
  15 elephants
  A moth of wrath (shapeshifter) (Depths:4)
  11 moths of wrath
  A spriggan zombie (Depths:1)
  2 centaur zombies
  A rust devil (Abyss:1)
  A guardian serpent (shapeshifter) (Vaults:3)
  19 vault sentinels
  An eye of devastation (shapeshifter) (Depths:4)
  3 molten gargoyles
  9 merfolk sirens
  The ghost of Peloso the Slasher, a novice MiFi (D:8)
  A frost giant skeleton (Vaults:2)
  A water nymph (shapeshifter) (Depths:4)
  An ice statue (D:12)
  A smoke demon (Abyss:3)
  2 torpor snails
  9 black mambas
  A centaur skeleton (D:11)
  2 orange demons (Abyss:3)
  7 water nymphs
  3 gargoyles (Depths:4)
  18 cane toads
  4 rime drakes
  An efreet (Abyss:4)
  12 komodo dragons
  3 tengu conjurers
  6 freezing wraiths
  15 demonic crawlers
  61 yaktaurs
  2 yaktaur skeletons
  3 ancient zymes
  A red devil (Abyss:2)
  A troll (shapeshifter) (Vaults:5)
  24 merfolk
  A queen bee (Lair:5)
  A polar bear (shapeshifter) (Depths:4)
  32 jumping spiders
  3 meliai (Lair:5)
  11 polar bears
  A queen bee (shapeshifter) (D:15)
  5 trolls
  13 wind drakes
  A raiju (shapeshifter) (Vaults:5)
  18 raiju
  28 blink frogs
  Grinder (D:5)
  7 slime creatures
  13 hornets
  10 snapping turtles
  2 flying skulls (Abyss:3)
  11 air elementals
  A dream sheep (shapeshifter) (Vaults:5)
  2 frost giant simulacra
  23 water elementals
  3 wraiths
  A shadow (D:15)
  73 redbacks
  2 tarantellas (shapeshifter)
  4 ettin skeletons (Vaults:2)
  4 ynoxinuls
  31 tarantellas
  6 wyverns
  8 fire elementals
  A hog (D:15)
  A hog (shapeshifter) (Vaults:4)
  6 neqoxecs
  62 yaks
  4 steam dragons
  3 chaos spawn
  2 spatial vortices (Abyss:3)
  27 soldier ants
  A swamp worm (shapeshifter) (Vaults:3)
  8 basilisks
  A warg (shapeshifter) (Vaults:5)
  12 wargs
  An acid dragon (Vaults:2)
  3 insubstantial wisps
  13 water moccasins
  A naga (shapeshifter) (Vaults:2)
  3 soldier ants (shapeshifter)
  8 ice beasts
  20 hell hounds
  3 sky beasts
  A sky beast (shapeshifter) (Depths:2)
  44 orc warriors
  14 black bears
  An eye of draining (D:11)
  33 ogres
  28 wolves
  2 phantoms
  A boggart (Abyss:3)
  A necrophage (D:13)
  17 centaurs
  17 bullfrogs
  An elf zombie (D:8)
  A wyvern zombie (D:12)
  13 earth elementals
  4 elf skeletons
  2 water moccasin zombies
  3 wyvern skeletons
  31 killer bees (Lair:5)
  4 scorpions
  3 wights (D:13)
  2 human simulacra
  An orc simulacrum (Vaults:1)
  4 howler monkeys
  7 jellies
  5 electric eels
  A howler monkey (shapeshifter) (Depths:4)
  4 crimson imps (Abyss:2)
  A lava snake (D:14)
  4 hounds
  5 quasits
  2 bullfrog zombies
  A human zombie (D:8)
  3 bullfrog skeletons
  25 orc priests
  2 iron imps
  5 human skeletons
  Natasha (twice) (D:4)
  9 iguanas
  51 orc wizards
  26 worker ants
  4 hell rats (Lair:5)
  A big kobold zombie (Ossuary)
  A spectral hound (D:8)
  A hound skeleton (D:6)
  2 mummies (Ossuary)
  13 adders
  A shadow imp (D:10)
  5 white imps
  3 ufetubi
  2 oozes (Lair:6)
  7 adder zombies (Ossuary)
  2 worms (D:3)
  2 ball lightnings (Depths:4)
  5 dart slugs
  4 leopard geckos
  93 orcs
  6 bats
  7 giant cockroaches
  14 goblins
  7 hobgoblins
  8 kobolds
  5 quokkas
  4 frilled lizards
  3 gnoll zombies (Ossuary)
  A hobgoblin zombie (Ossuary)
  A jackal skeleton (D:9)
  7 kobold zombies (Ossuary)
  A leopard gecko skeleton (D:4)
  3 orc skeletons
  6 orc zombies (Ossuary)
  A quokka skeleton (D:8)
  A quokka zombie (D:8)
  9 rats
  2 crawling corpses (Elf:3)
  A fire vortex (D:14)
  7 starspawn tentacles
  2 tentacles (Shoals:2)
2503 creatures vanquished.

Vanquished Creatures (collateral kills)
  An emperor scorpion (Spider:4)
1 creature vanquished.

Vanquished Creatures (others)
  2 shadow dragons
  A deep elf demonologist (Elf:3)
  A satyr (Abyss:4)
  A ynoxinul (Abyss:4)
  A water elemental (Abyss:4)
  4 ball lightnings (Depths:4)
  An orc (Orc:1)
  A crawling corpse (Vaults:5)
  54 fungi
  271 plants
  16 starspawn tentacles
  17 tentacles (Shoals:2)
370 creatures vanquished.

Grand Total: 2874 creatures vanquished

Notes
Turn   | Place    | Note
-------+----------+-------------------------------------------
     0 | D:1      | Napalmbreeze the Halfling Hunter began the quest for the
                  | Orb.
     0 | D:1      | Reached XP level 1. HP: 14/14 MP: 1/1
    47 | D:1      | Reached skill level 6 in Slings
    65 | D:1      | Reached XP level 2. HP: 19/19 MP: 2/2
   308 | D:1      | Reached XP level 3. HP: 22/24 MP: 3/3
   522 | D:1      | Reached skill level 7 in Slings
  1063 | D:2      | Found a faded altar of an unknown god.
  1071 | D:2      | Reached XP level 4. HP: 23/30 MP: 4/4
  1663 | D:3      | Noticed an ogre
  1678 | D:3      | Found a snail-covered altar of Cheibriados.
  1762 | D:3      | Reached skill level 8 in Slings
  1762 | D:3      | Reached XP level 5. HP: 34/36 MP: 5/5
  2252 | D:3      | Killed an ogre
  2252 | D:3      | Reached skill level 9 in Slings
  2252 | D:3      | Reached XP level 6. HP: 42/42 MP: 6/6
  2577 | D:4      | Found a staircase to the Ecumenical Temple.
  2577 | D:4      | Found a transporter.
  2580 | D:4      | Noticed Roikka's ghost (amateur OgAM)
  2729 | Temple   | Entered the Ecumenical Temple
  2980 | Temple   | Became a worshipper of Warmaster Okawaru
  3128 | D:4      | Found a transporter.
  3142 | D:4      | Reached XP level 7. HP: 47/47 MP: 7/7
  3206 | D:4      | Noticed a water moccasin
  3219 | D:4      | Killed a water moccasin
  3384 | D:4      | Noticed Natasha
  3390 | D:4      | Killed Natasha
  3390 | D:4      | Reached skill level 1 in Armour
  3861 | D:4      | Noticed Natasha
  3865 | D:4      | Killed Natasha
  3910 | D:4      | Reached * piety under Okawaru
  3910 | D:4      | Reached skill level 10 in Slings
  4206 | D:4      | Reached XP level 8. HP: 47/54 MP: 10/10
  4325 | D:5      | Entered Level 5 of the Dungeon
  4461 | D:5      | Noticed a troll
  4476 | D:5      | Killed a troll
  4631 | D:5      | Reached skill level 11 in Slings
  4743 | D:5      | Noticed Grinder
  4769 | D:5      | Killed Grinder
  4769 | D:5      | Reached ** piety under Okawaru
  4781 | D:5      | Found a shimmering blue altar of Sif Muna.
  5113 | D:5      | Reached XP level 9. HP: 59/59 MP: 11/11
  5788 | D:6      | Reached skill level 12 in Slings
  5834 | D:6      | Reached skill level 5 in Fighting
  5931 | D:6      | Reached *** piety under Okawaru
  5964 | D:6      | Reached skill level 5 in Armour
  5964 | D:6      | Reached skill level 5 in Dodging
  5997 | D:6      | Found a shadowy altar of Dithmenos.
  6093 | D:6      | Found a sparkling altar of Nemelex Xobeh.
  6741 | D:7      | Reached skill level 13 in Slings
  6748 | D:7      | Found a hide-covered altar of Uskayaw.
  6748 | D:7      | Noticed a +0 dagger
  6892 | D:7      | Noticed a +0 hand axe
  7017 | D:7      | Reached XP level 10. HP: 68/68 MP: 12/12
  7270 | D:8      | Found a transporter.
  7271 | D:8      | Noticed Peloso's ghost (novice MiFi)
  7343 | D:8      | Reached skill level 14 in Slings
  7352 | D:8      | Found a sand-covered staircase.
  7384 | Ossuary  | Entered an ossuary
  7762 | D:8      | Received a gift from Okawaru
  7875 | D:8      | Found a broken altar of Ashenzari.
  7875 | D:8      | Found a white marble altar of Elyvilon.
  8019 | D:8      | Found a transporter.
  8338 | D:8      | Got an encrusted trident
  8341 | D:8      | Found a shadowy altar of Dithmenos.
  8459 | D:8      | Found a glowing silver altar of Zin.
  8552 | D:9      | Found a radiant altar of Vehumet.
  8906 | D:9      | Found a glowing golden altar of the Shining One.
  9447 | D:9      | Identified the cursed +3 trident of Integrity {speed, rF-
                  | Str+8 Int+3 Dex-3} (You found it on level 8 of the Dungeon)
  9678 | D:10     | Entered Level 10 of the Dungeon
  9728 | D:10     | Reached **** piety under Okawaru
  9992 | D:10     | Noticed an unseen horror
 10007 | D:10     | Killed an unseen horror
 10018 | D:10     | Noticed a two-headed ogre
 10046 | D:10     | Killed a two-headed ogre
 10046 | D:10     | Reached ***** piety under Okawaru
 10046 | D:10     | Reached XP level 11. HP: 67/81 MP: 13/13
 10109 | D:10     | Reached skill level 10 in Fighting
 10664 | D:10     | Received a gift from Okawaru
 10712 | D:11     | Noticed a two-headed ogre
 10810 | D:11     | Noticed a centaur warrior
 10968 | D:11     | Killed a centaur warrior
 10968 | D:11     | Reached skill level 5 in Invocations
 11272 | D:11     | Noticed Urug
 11307 | D:11     | Killed a two-headed ogre
 11326 | D:11     | Killed Urug
 11543 | D:11     | Noticed an unseen horror
 11549 | D:11     | Killed an unseen horror
 11549 | D:11     | Received a gift from Okawaru
 11549 | D:11     | Reached skill level 1 in Long Blades
 11549 | D:11     | Reached XP level 12. HP: 78/87 MP: 17/17
 11653 | D:10     | Received a gift from Okawaru
 11755 | D:11     | Found a staircase to the Lair.
 12149 | D:12     | Reached skill level 15 in Slings
 12479 | D:12     | Received a gift from Okawaru
 12550 | D:12     | Found a staircase to the Orcish Mines.
 12821 | D:12     | Received a gift from Okawaru
 13476 | D:13     | Noticed a yaktaur captain
 13499 | D:13     | Killed a yaktaur captain
 13546 | D:13     | Found a gate to the Vaults.
 13597 | D:13     | Received a gift from Okawaru
 13640 | D:13     | Noticed Frances
 13644 | D:13     | Noticed a seven-headed hydra
 13655 | D:13     | Noticed a sixfirhy
 13793 | D:13     | Killed a seven-headed hydra
 13795 | D:13     | Noticed a six-headed hydra
 13808 | D:13     | Killed a six-headed hydra
 13940 | D:13     | Noticed a centaur warrior
 13963 | D:13     | Killed a centaur warrior
 13975 | D:13     | Reached skill level 5 in Long Blades
 14051 | D:13     | Reached XP level 13. HP: 92/92 MP: 16/19
 14052 | D:13     | Reached skill level 16 in Slings
 14425 | D:13     | Killed Frances
 14665 | Lair:1   | Entered Level 1 of the Lair of Beasts
 14939 | Lair:1   | Noticed Gastronok
 14960 | Lair:1   | Killed Gastronok
 14960 | Lair:1   | Reached skill level 17 in Slings
 15676 | Lair:2   | Received a gift from Okawaru
 15793 | Lair:2   | Received a gift from Okawaru
 15865 | Lair:2   | Found a broken altar of Ashenzari.
 15956 | Lair:2   | Received a gift from Okawaru
 16484 | Lair:2   | Found a hole to the Spider Nest.
 16695 | Lair:3   | Noticed an eight-headed hydra
 16705 | Lair:3   | Killed an eight-headed hydra
 16720 | Lair:3   | Got an ancient helmet
 16742 | Lair:3   | Identified the cursed +0 helmet of Atheism {rN+ Dex+4} (You
                  | found it on level 3 of the Lair of Beasts)
 16834 | Lair:3   | Reached XP level 14. HP: 94/106 MP: 18/20
 17400 | Lair:3   | Noticed Sonja
 17414 | Lair:3   | Killed Sonja
 17954 | Lair:4   | Reached skill level 15 in Fighting
 18092 | Lair:4   | Received a gift from Okawaru
 18341 | Lair:4   | Reached skill level 18 in Slings
 18342 | Lair:4   | Found a staircase to the Shoals.
 19184 | Lair:4   | Received a gift from Okawaru
 19443 | Lair:4   | Reached skill level 19 in Slings
 20058 | Lair:5   | Reached skill level 1 in Shields
 20364 | Lair:5   | You fall into a shaft and drop 1 floor!
 20364 | Lair:6   | Entered Level 6 of the Lair of Beasts
 20475 | Lair:6   | Reached XP level 15. HP: 73/116 MP: 21/21
 20548 | Lair:6   | Reached skill level 5 in Shields
 21105 | Lair:5   | Reached skill level 20 in Slings
 21241 | Lair:5   | Received a gift from Okawaru
 21297 | Lair:5   | Received a gift from Okawaru
 23121 | Lair:6   | Found a staircase to the Slime Pits.
 23257 | Lair:6   | Reached ****** piety under Okawaru
 23282 | Lair:6   | Received a gift from Okawaru
 23641 | Lair:6   | Identified the Catalogue of the Many Runes
 23937 | Lair:6   | Got a polished hunting sling {god gift}
 23938 | Lair:6   | Identified the +10 hunting sling "Lelonuf" {flame, rPois
                  | rC+ MR+ Str+3} (Okawaru gifted it to you on level 6 of the
                  | Lair of Beasts)
 24516 | Lair:6   | Received a gift from Okawaru
 24783 | Lair:6   | Reached XP level 16. HP: 122/122 MP: 22/22
 25821 | D:14     | Found an iron altar of Okawaru.
 25964 | D:14     | Found a runed translucent gate.
 25964 | D:14     | Found a runed translucent gate.
 25964 | D:14     | Found a runed translucent gate.
 25964 | D:14     | Found an iron altar of Okawaru.
 25964 | D:14     | Noticed Zeblukk's ghost (journeyman TeAE)
 26198 | D:15     | Entered Level 15 of the Dungeon
 26271 | D:15     | Reached skill level 10 in Armour
 26271 | D:15     | Reached skill level 10 in Dodging
 26341 | D:15     | Reached skill level 21 in Slings
 26493 | D:15     | Found a broken altar of Ashenzari.
 26917 | D:15     | Noticed Kirke
 26926 | D:15     | Killed Kirke
 27222 | D:15     | Received a gift from Okawaru
 27537 | D:15     | Found a staircase to the Depths.
 27631 | D:15     | Found an ornate altar of the Wu Jian Council.
 27738 | D:12     | Noticed Snorg
 27742 | D:12     | Killed Snorg
 27903 | D:8      | Killed Peloso's ghost
 27903 | D:8      | Received a gift from Okawaru
 28081 | Orc:1    | Entered Level 1 of the Orcish Mines
 28081 | Orc:1    | Found Xeyproac's Book Shop.
 28446 | Orc:2    | Entered Level 2 of the Orcish Mines
 28465 | Orc:2    | Found a staircase to the Elven Halls.
 28702 | Orc:2    | Found a roughly hewn altar of Beogh.
 28796 | Orc:2    | Found Wuzodgh's Magic Scroll Shoppe.
 28803 | Orc:2    | Bought a scroll of summoning for 104 gold pieces
 28956 | Orc:2    | Found an ancient bone altar of Kikubaaqudgha.
 28969 | Orc:2    | Received a gift from Okawaru
 29008 | Orc:2    | Noticed Erolcha
 29014 | Orc:2    | Killed Erolcha
 29065 | Orc:2    | Found a radiant altar of Vehumet.
 29171 | Orc:2    | Found Loigh's Book Emporium.
 29173 | Orc:2    | Found a roughly hewn altar of Beogh.
 29209 | Orc:2    | Found Ickymyg's Antique Weapon Shoppe.
 29222 | Orc:2    | Found Eleizig's Antique Weapon Emporium.
 29393 | Orc:2    | Reached skill level 22 in Slings
 30097 | Orc:1    | Reached XP level 17. HP: 127/127 MP: 23/23
 30518 | Elf:1    | Entered Level 1 of the Elven Halls
 30838 | Elf:1    | Found a radiant altar of Vehumet.
 31354 | Elf:1    | You fall into a shaft and drop 1 floor!
 31452 | Elf:2    | Found a runed translucent gate.
 31452 | Elf:2    | Found a runed translucent gate.
 31452 | Elf:2    | Found a runed translucent gate.
 31495 | Elf:2    | Reached skill level 1 in Evocations
 31774 | Elf:2    | Received a gift from Okawaru
 31852 | Elf:2    | Reached skill level 5 in Evocations
 32840 | Elf:2    | Received a gift from Okawaru
 32993 | Elf:2    | Received a gift from Okawaru
 33355 | Shoals:1 | Entered Level 1 of the Shoals
 33789 | Shoals:1 | Reached XP level 18. HP: 135/135 MP: 24/24
 34759 | Shoals:2 | Noticed a kraken
 34793 | Shoals:2 | Killed a kraken
 35751 | Shoals:3 | Found Gextuxeu's Island Escapes.
 35866 | Shoals:3 | Noticed Nikola
 35881 | Shoals:3 | Killed Nikola
 35942 | Shoals:3 | Found Poocih's Gadget Boutique.
 35947 | Shoals:3 | Noticed Ilsuiw
 35999 | Shoals:3 | Killed Ilsuiw
 36821 | Shoals:4 | Entered Level 4 of the Shoals
 36935 | Shoals:4 | Reached skill level 15 in Dodging
 37227 | Shoals:4 | Received a gift from Okawaru
 37473 | Shoals:4 | Got a barnacled rune of Zot
 37504 | Shoals:4 | Reached XP level 19. HP: 141/141 MP: 25/25
 37599 | Shoals:4 | Received a gift from Okawaru
 37682 | Shoals:4 | Received a gift from Okawaru
 37955 | Shoals:4 | Reached skill level 15 in Armour
 38773 | Spider:1 | Entered Level 1 of the Spider Nest
 39879 | Spider:2 | Received a gift from Okawaru
 40173 | Spider:2 | Received a gift from Okawaru
 40894 | Spider:3 | Reached skill level 10 in Evocations
 41284 | Spider:3 | Reached XP level 20. HP: 147/147 MP: 26/26
 41977 | Spider:4 | Entered Level 4 of the Spider Nest
 42165 | Spider:4 | Noticed Donald
 42185 | Spider:4 | Killed Donald
 42693 | Spider:4 | Noticed Louise
 42732 | Spider:4 | Killed Louise
 42926 | Spider:4 | Received a gift from Okawaru
 42978 | Spider:4 | Got an ancient hunting sling {god gift}
 42979 | Spider:4 | Identified the +5 hunting sling of Fanukkarph {venom, +Inv
                  | rF+} (Okawaru gifted it to you on level 4 of the Spider
                  | Nest)
 43491 | Spider:4 | Got a gossamer rune of Zot
 43727 | Vaults:1 | Entered Level 1 of the Vaults
 44314 | Vaults:1 | Received a gift from Okawaru
 44522 | Vaults:1 | Found Naliemn's Antique Armour Shoppe.
 44531 | Vaults:1 | Bought a spiked cloak for 332 gold pieces
 44531 | Vaults:1 | Bought a runed helmet for 262 gold pieces
 44541 | Vaults:1 | Identified the cursed +0 cloak of the Blind Marksman {rPois
                  | MP+9 Int+3 Dex+4} (You bought it in a shop on level 1 of
                  | the Vaults)
 45071 | Vaults:1 | Received a gift from Okawaru
 45516 | Vaults:2 | Noticed Sojobo
 45688 | Vaults:1 | Reached XP level 21. HP: 153/153 MP: 25/27
 46402 | Vaults:2 | Found Patrugge's Gadget Boutique.
 46771 | Vaults:2 | Noticed Mara
 46800 | Vaults:2 | Killed Mara
 46936 | Vaults:2 | Received a gift from Okawaru
 47009 | Vaults:2 | Found a staircase to the Crypt.
 47125 | Vaults:2 | Received a gift from Okawaru
 48019 | Vaults:2 | Killed Sojobo
 48019 | Vaults:2 | Received a gift from Okawaru
 48049 | Vaults:2 | Reached skill level 10 in Shields
 48346 | Vaults:2 | Received a gift from Okawaru
 48380 | Vaults:2 | Got a warped fustibalus {god gift}
 48383 | Vaults:2 | Identified the +10 fustibalus of the Imperium {vorpal,
                  | Stlth+} (Okawaru gifted it to you on level 2 of the Vaults)
 49163 | Vaults:3 | Reached XP level 22. HP: 160/160 MP: 28/28
 49404 | Vaults:3 | Found Hidiuxeb's Book Emporium.
 49442 | Vaults:3 | Found a basalt altar of Yredelemnul.
 49668 | Vaults:3 | Received a gift from Okawaru
 50515 | Vaults:4 | Received a gift from Okawaru
 50527 | Vaults:4 | Received a gift from Okawaru
 50692 | Vaults:4 | Found a roughly hewn altar of Beogh.
 50826 | Vaults:4 | Received a gift from Okawaru
 51724 | Vaults:4 | Received a gift from Okawaru
 51821 | Vaults:4 | Received a gift from Okawaru
 51960 | Vaults:4 | Reached XP level 23. HP: 160/165 MP: 29/29
 52227 | Vaults:4 | Received a gift from Okawaru
 52364 | Vaults:4 | Found a stormy altar of Qazlal.
 52881 | Elf:3    | Entered Level 3 of the Elven Halls
 52961 | Elf:3    | Found Weostirph's General Store.
 53399 | Elf:3    | Received a gift from Okawaru
 53533 | Elf:3    | Got a pair of ichor-stained boots {god gift}
 53554 | Elf:3    | Identified the +0 pair of boots "Mujoaf" {rF+} (Okawaru
                  | gifted it to you on level 3 of the Elven Halls)
 54701 | Elf:3    | Reached skill level 23 in Slings
 54912 | Elf:3    | Identified the ring of the Will of the Gods {rC++ MR+}
 54940 | Elf:3    | Identified the cursed +1 dagger of Demonic Responsibility
                  | {flame, Str+6}
 55056 | Elf:3    | Got a shimmering plate armour
 55067 | Elf:3    | Identified the cursed +0 plate armour of Midwinter {rElec
                  | rC- rN+ Slay+3} (You found it on level 3 of the Elven
                  | Halls)
 55083 | Elf:3    | Identified the Collected Works on Beguiling
 55161 | Elf:3    | Identified Sif Muna's Reference Book on Freezing Slavery
 55164 | Elf:3    | Identified Pusty's Guide on Transformation and Venom
 55545 | Depths:1 | Entered Level 1 of the Depths
 55572 | Depths:1 | Found Juranuox's Weapon Emporium.
 55573 | Depths:1 | Found a one-way gate to the infinite horrors of the Abyss.
 55835 | Depths:1 | Received a gift from Okawaru
 56086 | Depths:1 | Reached XP level 24. HP: 163/175 MP: 29/29
 56091 | Depths:1 | Found a gateway to Hell.
 56240 | Depths:1 | Found a runed translucent gate.
 56240 | Depths:1 | Found a runed translucent gate.
 56240 | Depths:1 | Found a runed translucent gate.
 56250 | Depths:1 | Identified a scroll of acquirement
 56540 | Vaults:1 | Got a dazzling scale mail {god gift}
 56551 | Vaults:1 | Identified the +3 scale mail "Postruuho" {Dex+4} (Okawaru
                  | gifted it to you on level 1 of the Vaults)
 57182 | Depths:2 | Received a gift from Okawaru
 57269 | Depths:2 | Received a gift from Okawaru
 57687 | Depths:2 | Reached skill level 24 in Slings
 57704 | Depths:2 | Got a translucent bone ring
 57705 | Depths:2 | Identified the ring "Mafuimn" {+Inv rF+ Str+2 Dex-4} (You
                  | found it on level 2 of the Depths)
 58368 | Depths:3 | Reached skill level 15 in Shields
 58402 | Depths:3 | Received a gift from Okawaru
 58668 | Depths:3 | Found a one-way gate leading to the halls of Pandemonium.
 58956 | Depths:3 | Noticed Xtahua
 58972 | Depths:3 | Killed Xtahua
 59159 | Depths:3 | Reached skill level 10 in Long Blades
 59308 | Depths:3 | Received a gift from Okawaru
 59340 | Depths:3 | Reached XP level 25. HP: 135/183 MP: 29/29
 59522 | Depths:3 | Received a gift from Okawaru
 59887 | Depths:3 | Found a runed translucent door.
 59888 | Depths:3 | Noticed an ancient lich
 59902 | Depths:3 | Killed an ancient lich
 59902 | Depths:3 | Received a gift from Okawaru
 59906 | Depths:3 | Got a masterwork hunting sling {god gift}
 59907 | Depths:3 | Identified the +0 hunting sling "Hilovela" {flame, rElec
                  | Str-3 Int+2 Dex+10} (Okawaru gifted it to you on level 3 of
                  | the Depths)
 59947 | Depths:3 | Found a runed translucent door.
 60953 | Depths:3 | Got a faintly glowing turquoise ring
 60953 | Depths:3 | Gained mutation: You tend to lose your temper in combat.
                  | [mutagenic glow]
 60971 | Depths:3 | Gained mutation: You are dopey. (Int -2) [mutagenic glow]
 60993 | Depths:2 | Gained mutation: Your magical capacity is low. (-10% MP)
                  | [mutagenic glow]
 61156 | Lair:1   | Lost mutation: You are dopey. (Int -2) [potion of mutation]
 61156 | Lair:1   | Lost mutation: You tend to lose your temper in combat.
                  | [potion of mutation]
 61156 | Lair:1   | Lost mutation: Your magical capacity is low. (-10% MP)
                  | [potion of mutation]
 61156 | Lair:1   | Gained mutation: You are dopey. (Int -2) [potion of
                  | mutation]
 61159 | Lair:1   | Identified the ring "Vukhyarr" {Int+5 Stlth+} (You found it
                  | on level 3 of the Depths)
 62075 | Depths:4 | Noticed a caustic shrike
 62076 | Depths:4 | a caustic shrike changed into a shadow dragon
 62195 | Depths:4 | Received a gift from Okawaru
 62788 | Depths:4 | Got a pair of faintly glowing gloves
 62794 | Depths:4 | Identified the +2 pair of gloves "Biqudon" {rF+ rN+} (You
                  | found it on level 4 of the Depths)
 63694 | Depths:4 | Found a gateway to a ziggurat.
 63701 | Depths:4 | Identified the ring "Jiedgh" {+Inv MR+ Dex+6} (You found it
                  | on level 4 of the Depths)
 63914 | Depths:4 | Reached XP level 26. HP: 161/193 MP: 29/29
 64086 | Depths:4 | Found the +0 sword of Power
 65068 | Vaults:5 | Entered Level 5 of the Vaults
 65187 | Vaults:5 | Received a gift from Okawaru
 65208 | Vaults:5 | Got a slimy plate armour {god gift}
 65450 | Vaults:5 | Identified the +1 plate armour of Okawaru {rC+++ rCorr MP+9
                  | Str+3} (Okawaru gifted it to you on level 5 of the Vaults)
 66009 | Vaults:5 | Noticed Mennas
 66037 | Vaults:5 | Killed Mennas
 66502 | Vaults:5 | Identified the +3 ring mail of the Modern Wars {Rampage
                  | rElec Str+4}
 66860 | Vaults:5 | Received a gift from Okawaru
 66888 | Vaults:5 | Found the +4 dagger "Morg" {pain, MR+ Int+5}
 66894 | Vaults:5 | Reached XP level 27. HP: 186/201 MP: 29/29
 66898 | Vaults:5 | Identified the cursed +0 buckler of Proximity {-Cast rF+
                  | rC- Str+6}
 66900 | Vaults:5 | Received a gift from Okawaru
 66947 | Vaults:5 | Identified Sif Muna's Primer on Theurgy
 67063 | Vaults:5 | Reached skill level 15 in Long Blades
 67125 | Vaults:5 | Received a gift from Okawaru
 67566 | Vaults:5 | Noticed an ancient lich
 67583 | Vaults:5 | Killed an ancient lich
 67967 | Vaults:5 | Identified Addymuyl's Catalogue of Companions and Attacks
 68108 | Vaults:5 | Got a silver rune of Zot
 68204 | Vaults:5 | Received a gift from Okawaru
 68553 | Depths:1 | Voluntarily entered the Abyss.
 68553 | Abyss:1  | Found a corrupted altar of Lugonu.
 69180 | Abyss:2  | Received a gift from Okawaru
 69486 | Abyss:3  | Received a gift from Okawaru
 69763 | Abyss:3  | Found a shimmering blue altar of Sif Muna.
 69810 | Abyss:3  | Identified Nipsa's Guide on the Glacier
 69814 | Abyss:3  | Identified the Tome of the Entourage
 69822 | Abyss:3  | Received a gift from Okawaru
 69840 | Abyss:3  | Identified the Compendium of Weightlessness
 69855 | Abyss:3  | Found a shimmering blue altar of Sif Muna.
 69860 | Abyss:3  | Identified the Disquisition on Clay
 69863 | Abyss:3  | Identified the Handbook of Conjuration
 69870 | Abyss:3  | Found a shimmering blue altar of Sif Muna.
 69880 | Abyss:3  | Identified the Incunabulum of Bewitchment
 69902 | Abyss:3  | Identified the Grimoire of Fire
 69904 | Abyss:3  | Identified the Grimoire of Necromancy
 70459 | Abyss:4  | Got an abyssal rune of Zot
 70483 | Abyss:5  | Entered Level 5 of the Abyss
 70752 | Depths:1 | Escaped the Abyss
 71347 | Depths:5 | Entered Level 5 of the Depths
 72103 | Depths:5 | Paralysed by a floating eye for 3 turns
 72115 | Depths:5 | Paralysed by a floating eye for 4 turns
 72679 | Depths:5 | Found a blossoming altar of Fedhas.
 72860 | Depths:5 | Received a gift from Okawaru
 73168 | Depths:5 | Got an ancient long sword {god gift}
 73169 | Depths:5 | Identified the +7 long sword of Pillar {vorpal, *Corrode
                  | rF- rC+++ MR++} (Okawaru gifted it to you on level 5 of the
                  | Depths)
 73184 | Depths:5 | Found a gate to the Realm of Zot.
 73491 | Zot:1    | Entered Level 1 of the Realm of Zot
 73825 | Zot:1    | Noticed an orb of fire
 74054 | Zot:1    | Killed an orb of fire
 74178 | Zot:1    | You fall into a shaft and drop 1 floor!
 74673 | Zot:1    | Received a gift from Okawaru
 75764 | Zot:2    | Received a gift from Okawaru
 76427 | Zot:2    | Identified the amulet of Aduer {Faith *Drain rC+ Str+2}
 76898 | Zot:3    | Acquired the ring of Attitude {rC+ rN+ MR+ Dex-3 Stlth+}
 77334 | Zot:3    | Received a gift from Okawaru
 79074 | Zot:4    | Received a gift from Okawaru
 80393 | Zot:5    | Entered Level 5 of the Realm of Zot
 81384 | Zot:5    | Received a gift from Okawaru
 81516 | Zot:5    | Noticed an orb of fire
 81517 | Zot:5    | Noticed an orb of fire
 81532 | Zot:5    | Killed an orb of fire
 81552 | Zot:5    | Killed an orb of fire
 81596 | Zot:5    | Noticed an orb of fire
 81620 | Zot:5    | Gained mutation: You occasionally shout uncontrollably at
                  | your foes. [an orb of fire]
 81624 | Zot:5    | Killed an orb of fire
 81628 | Zot:5    | Received a gift from Okawaru
 81850 | Zot:5    | Noticed an orb of fire
 81857 | Zot:5    | Killed an orb of fire
 82069 | Zot:5    | Noticed a Killer Klown
 82078 | Zot:5    | Killed a Killer Klown
 82083 | Zot:5    | Received a gift from Okawaru
 82364 | Zot:5    | Noticed an ancient lich
 82378 | Zot:5    | Killed an ancient lich
 82466 | Zot:5    | Received a gift from Okawaru
 82560 | Zot:5    | Got a pair of ancient gloves {god gift}
 82562 | Zot:5    | Identified the +2 pair of gloves of the Big Bang {Str+6
                  | Slay+2} (Okawaru gifted it to you on level 5 of the Realm
                  | of Zot)
 83598 | Zot:5    | Noticed a Killer Klown
 83623 | Zot:5    | Killed a Killer Klown
 83762 | Zot:5    | Noticed a Killer Klown
 83788 | Zot:5    | Killed a Killer Klown
 83827 | Zot:5    | Noticed a Killer Klown
 83834 | Zot:5    | Noticed an orb of fire
 83839 | Zot:5    | Noticed an orb of fire
 83842 | Zot:5    | Noticed a Killer Klown
 83858 | Zot:5    | Slain by an Orb Guardian

Illustrated notes

Levels and vault maps discovered:
D:1:      scummos_arrival_forest, layout_loops_corners
D:2:      layout_loops_ring, chequers_ecumenical_altar_island,
          minmay_misc_feat_four_crosses
D:3:      layout_basic, kennysheep_slug_shrine
D:4:      layout_gridville, minmay_temple_entry_proselytizer,
          gammafunk_ghost_arena, uniq_natasha
D:5:      layout_loops_corners, tgw_sif, hex_medium, roderic_lattice_a,
          uniq_grinder
D:6:      layout_loops_ring, overflow_temple_1_default, skrybe_limestone_x,
          chequers_avenue, minmay_misc_feat_columns,
          grunt_dithmenos_smoke_and_mirrors
D:7:      layout_rooms, dancing_weapons_uskayaw, minmay_misc_feat_nine_boxes
D:8:      layout_basic, zin_scriptorium, marbit_many_paths,
          gammafunk_temple_overflow_wave, nicolae_ossuary_entry_catacombs,
          gammafunk_ghost_mausoleum
D:9:      layout_stronghold, old_standard_altar, tso_metal_star
D:10:     layout_basic
D:11:     layout_cave_pools, erik_lair_orcish_takeover, serial_bayou_pond_b,
          uniq_urug
D:12:     layout_long_grid, erik_orc_3, minivault_15, minmay_misc_feat_chi,
          minivault_11, uniq_snorg
D:13:     layout_small_grid, david_vaults_2, uniq_frances
D:14:     layout_cave_pools, kennysheep_donut, basic_altar, serial_column_ruins,
          column_ruins_grid_1, column_ruins_columns_dead_end,
          column_ruins_open_medium_water, column_ruins_open_small,
          gammafunk_ghost_fury_of_okawaru, st_stairs_11, kennysheep_path_1
D:15:     hangedman_depths_entry_try_elsewhere_first, layout_basic,
          chequers_serial_rivers_marsh, hangedman_feature_mirror, uniq_kirke
Temple:   oiseaux_autumnal_temple
Lair:1:   layout_gridlike, grunt_megastairs_2, uniq_gastronok
Lair:2:   layout_loops_ring, spider_nest_entry_webs, basic_altar,
          chequers_serial_rivers_large_a, serial_bayou_lagoon_a,
          small_statue_intersection, st_stairs_3, chequers_serial_rivers_micro_b
Lair:3:   layout_hall_layers, kennysheep_catoblepas_arena, lemuel_fruit_fields,
          uniq_sonja
Lair:4:   layout_big_grid, minmay_shoals_entry_beasts, serial_bayou_shore_b,
          serial_bayou_shore_b
Lair:5:   regret_index_bee_streams, layout_small_grid, serial_bayou_ford_a,
          nicolae_quartered_pool_super, beast_lair_carwin_6
Lair:6:   hangedman_lair_caniforms_friends, layout_regular_city,
          nicolae_slime_entry_slimehenge, st_stairs_5
Shoals:1: layout_shoals, nicolae_shoals_loop_pool
Shoals:2: layout_shoals, nicolae_shoals_water_elemental_grotto
Shoals:3: layout_shoals, serial_shops, shop, nicolae_island_escapes,
          uniq_ilsuiw, uniq_nikola
Shoals:4: shoals_end_grunt_garden, layout_shoals, shoals_ilsuiw_alternative
Spider:1: layout_spider_delve
Spider:2: layout_spider_delve, drop_trap
Spider:3: layout_chambers, drop_trap, minivault_29
Spider:4: spider_rune_water, uniq_donald, uniq_louise
Orc:1:    layout_caves, serial_shops, shop
Orc:2:    kennysheep_orc_mage_school, layout_caves, basic_altar
Elf:1:    minmay_elf_arrival_plus, layout_onion_city, basic_altar
Elf:2:    layout_onion_city, st_stairs_7, minivault_25_ag
Elf:3:    minmay_elf_hall_spiked, layout_geoelf_diagonals, serial_shops,
          nicolae_shop_behind_doors
Vaults:1: grunt_vaults_focal, ontoclasm_vaults_echo, vaults_room_semicircle,
          v_misc_29, vaults_mumra_lcd, nicolae_vaults_gold_heap,
          nicolae_vaults_network_quinsquares
          [nicolae_vaults_network_quincunx_subvault,
          nicolae_vaults_network_quincunx_subvault,
          nicolae_vaults_network_quincunx_subvault,
          nicolae_vaults_network_quincunx_subvault], vaults_dpeg_ring,
          layout_vaults_omnigrid, serial_shops, shop
Vaults:2: v_rooms_5, v_pattern_2, vaults_standard_mumra_enter_the_diamond,
          nicolae_vaults_little_squares_1, v_misc_25,
          minmay_crypt_entry_skeletal_spiral, vaults_room_hangedman_quadrants,
          vaults_standard_mumra_x, v_misc_15, dpeg_vaults_monster_row, v_misc_2,
          nicolae_vaults_little_squares_2, vaults_dpeg_spiral,
          layout_vaults_maze_bifur, serial_shops, nicolae_shop_behind_doors,
          uniq_sojobo, uniq_mara
Vaults:3: v_misc_8, ontoclasm_vaults_gallery, nicolae_vaults_theta,
          nicolae_vaults_angled_halls, nicolae_vaults_three_branches,
          vaults_dpeg_hooks, vaults_room_semicircle, grunt_vaults_hallway_short,
          layout_vaults_big_room, basic_altar, serial_shops,
          nicolae_shop_window_shopping
Vaults:4: v_alt_pattern_4, special_room_vaults [special_room_orc], v_misc_31,
          hangedman_vaults_capsules, ontoclasm_vaults_hangar, v_misc_15,
          vaults_room_large_hall, grunt_vaults_trifunnel,
          hangedman_vaults_stream, nicolae_vaults_little_ls,
          nicolae_vaults_angled_halls, v_misc_24,
          nicolae_vaults_border_crossing, layout_vaults_omnibox, basic_altar
Vaults:5: uniq_mennas
Depths:1: layout_cross, abyss_entry, serial_shops, shop, grunt_decor_resistance,
          lightli_too_deep, pandoras_box_mu, grunt_megastairs_4
Depths:2: minmay_concentric_multi, layout_gridlike, hell_entry,
          minmay_misc_feat_secret_circle, infiniplex_staircase_pillars_1
Depths:3: cheibrodos_witchhunters_guild, layout_basic,
          hangedman_abyss_or_decor_clamps, rand_demon_pan_entry_5, hell_entry,
          kilobyte_mutagenic_chamber, minmay_staircase_statues,
          serial_bayou_shore_b, uniq_xtahua
Depths:4: radiant_caverns_b_rkd, abyss_entry, hell_entry
Depths:5: grunt_zot_entry_gee_three, layout_gridville, hell_entry,
          lemuel_crystal_altar, serial_bayou_shore_a,
          infiniplex_staircase_pool_lava
Zot:1:    layout_onion_interference
Zot:2:    layout_concentric_octagons, gammafunk_ghost_crypt, lemuel_elevator
Zot:3:    layout_onion_interference
Zot:4:    layout_cathedral_of_symmetry
Zot:5:    layout_cathedral_of_symmetry

Skill      XL: |  1  2  3  4  5  6  7  8  9 10 11 12 13 14 15 16 17 18 19 20 21 22 23 24 25 26 27 |
---------------+----------------------------------------------------------------------------------+-----
Slings         | 6 7 8 9 10 11 13 14 15 17 19 20 22 23 24 | 24.0
Fighting       | 2 3 4 5 9 10 13 15 16 17 18 19 20 22 | 22.7
Invocations    | 3 6 8 |  8.0
Armour         | 2 4 5 6 8 9 12 14 16 18 19 20 | 20.0
Dodging        | 3 5 6 8 9 10 11 15 16 17 18 23 | 23.0
Long Blades    | 1 5 7 10 13 14 15 | 15.7
Shields        | 4 6 7 10 12 14 15 21 | 21.0
Evocations     | 8 10 12 13 14 | 14.1
Stealth        | |  1.1

Action                   |  1- 3 |  4- 6 |  7- 9 | 10-12 | 13-15 | 16-18 | 19-21 | 22-24 | 25-27 || total
-------------------------+-------+-------+-------+-------+-------+-------+-------+-------+-------++-------
Melee: Dagger            |       |       |     7 |       |       |       |       |       |       ||     7
       Long sword        |       |       |       |       |       |     4 |    12 |       |       ||    16
       Demon blade       |       |       |       |       |       |       |       |       |    83 ||    83
 Fire: Hunting sling     |    93 |   183 |   439 |  1129 |  1586 |  1695 |  2070 |  1877 |  2702 || 11774
       Fustibalus        |       |       |       |       |       |       |       |       |  1350 ||  1350
Invok: Heroism           |       |       |     5 |    16 |    24 |    19 |    22 |    25 |    49 ||   160
       Finesse           |       |       |       |     3 |     6 |     7 |     9 |     1 |    11 ||    37
 Abil: Evoke Flight      |       |       |       |       |       |       |       |       |     5 ||     5
       Evoke Invisibilit |       |       |       |       |       |       |       |       |     1 ||     1
Evoke: Wand              |       |       |       |     1 |     1 |       |     3 |     5 |     9 ||    19
       Box of beasts     |       |       |       |       |     3 |       |     1 |       |     2 ||     6
       Condenser vane    |       |       |       |       |       |       |     3 |     3 |     8 ||    14
  Use: Scroll            |       |     4 |     7 |     7 |    11 |     6 |     4 |     7 |    31 ||    77
       Potion            |       |       |     1 |     2 |       |     1 |     2 |     1 |    11 ||    18
Armor: Leather armour    |     3 |     5 |       |       |       |       |       |       |       ||     8
       Scale mail        |       |     1 |    74 |    94 |     2 |       |       |       |       ||   171
       Ring mail         |       |       |       |       |    68 |       |       |       |       ||    68
       Chain mail        |       |       |       |       |       |   155 |   131 |    83 |    62 ||   431
       Plate armour      |       |       |       |       |       |       |       |       |   267 ||   267
Dodge: Dodged            |    17 |    21 |   101 |   300 |   576 |   425 |   481 |   370 |   831 ||  3122
       Repelled          |       |       |     1 |     2 |     2 |    11 |     2 |    12 |    47 ||    77
Block: Other             |       |       |       |       |    48 |       |       |       |       ||    48
       Buckler           |       |       |       |       |   119 |   403 |   465 |   460 |   373 ||  1820
       Reflection        |       |       |       |       |     1 |    56 |    55 |    89 |    61 ||   262
       Kite shield       |       |       |       |       |       |       |       |       |  1165 ||  1165
       Rpst.: Long sword |       |       |       |       |       |       |     1 |       |       ||     1
       Demon blade       |       |       |       |       |       |       |       |       |     7 ||     7

Table legend: (Time is in decaauts)
 A = Elapsed time spent in this place.
 B = Non-inter-level travel time spent in this place.
 C = Inter-level travel time spent in this place.
 D = Time resting spent in this place.
 E = Time spent auto-exploring this place.
 F = Levels seen in this place.
 G = Mean time per level.
                   A        B        C        D        E       F      G
               +--------+--------+--------+--------+--------+-----+--------+
         Total |  79110 |  72996 |   6114 |  15828 |  31285 |  56 | 1412.7 |
       Dungeon |  17377 |  15097 |   2280 |   1776 |   7173 |  15 | 1158.5 |
        Temple |    289 |    244 |     45 |      0 |    224 |   1 |  289.0 |
          Lair |  10759 |   9681 |   1078 |   1774 |   4354 |   6 | 1793.2 |
        Shoals |   5002 |   4735 |    267 |    660 |   2490 |   4 | 1250.5 |
   Spider Nest |   4418 |   4144 |    274 |    629 |   2114 |   4 | 1104.5 |
  Orcish Mines |   2201 |   2017 |    184 |    172 |   1025 |   2 | 1100.5 |
   Elven Halls |   4804 |   4630 |    174 |   1217 |   1882 |   3 | 1601.3 |
        Vaults |  11800 |  10745 |   1055 |   1728 |   4894 |   5 | 2360.0 |
        Depths |  10263 |   9642 |    621 |   2701 |   3554 |   5 | 2052.6 |
           Zot |  10022 |   9888 |    134 |   4781 |   3205 |   5 | 2004.4 |
         Abyss |   1896 |   1896 |      0 |    317 |    367 |   5 |  379.2 |
       Ossuary |    275 |    275 |      0 |     69 |      0 |   1 |  275.0 |
               +--------+--------+--------+--------+--------+-----+--------+

Top non-repeatable levels by time:
   Zot:5: 3307 daAuts
Vaults:2: 3034 daAuts
Depths:4: 3008 daAuts
Vaults:5: 2930 daAuts
  Lair:5: 2777 daAuts
  Lair:6: 2395 daAuts
Depths:3: 2336 daAuts
   Elf:3: 2295 daAuts
Vaults:1: 2282 daAuts
   Zot:4: 2201 daAuts
Depths:5: 2069 daAuts
Vaults:4: 2000 daAuts
  Lair:4: 1934 daAuts
    D:12: 1790 daAuts
   Zot:1: 1742 daAuts
